 Dungeon Crawl Stone Soup version 0.31.0-7-gf635a9b802 (webtiles) character file.

Game seed: 822885684130730064

44 stipulation the Ruffian (level 3, 0/31 HPs)
             Began as a Ghoul Monk on Jan 24, 2024.
             Slain by a gnoll
             ... wielding a +0 spear
              (7 damage)
             ... on level 3 of the Dungeon.
             The game lasted 00:00:25 (965 turns).

stipulation the Ruffian (Ghoul Monk)                 Turns: 965, Time: 00:00:26

Health: 0/31       AC:  2    Str: 16    XL:     3   Next: 60%
Magic:  3/3        EV: 12    Int:  9    God:
Gold:   66         SH:  0    Dex: 11    Spells: 2/2 levels left

rFire   . .          .
                       - Unarmed
rCold   + . .        c - orb {light}
rNeg    + + +        a - +0 robe
rPois   ∞            (no helmet)
rElec   .            (no cloak)
rCorr   .            (no gloves)
SInv    .            (no boots)
Will    .....        (no amulet)
Stlth   +            (no ring)
HPRegen 0.00/turn    (no ring)
MPRegen 0.08/turn

%: no passive effects
@: inhibited regen, glowing
A: claws 1, cold resistance 1, negative energy resistance 3, inhibited
regeneration, torment resistance 2, devour on kill
a: no special abilities


You were on level 3 of the Dungeon.
You visited 1 branch of the dungeon, and saw 3 of its levels.

You collected 66 gold pieces.

Inventory:

Armour
 a - a +0 robe (worn)
 c - an orb of light (worn)
Jewellery
 l - a +6 ring of dexterity
 m - a +5 ring of evasion
Scrolls
 d - a scroll of brand weapon {unknown}
 e - 4 scrolls of fog {unknown}
 f - a scroll of immolation {unknown}
 h - a scroll of identify {unknown}
 i - a scroll of revelation {unknown}
 j - a scroll of acquirement {unknown}
Potions
 b - a potion of ambrosia
 g - a potion of might {unknown}
 k - a potion of mutation {unknown}


   Skills:
 - Level 3.2 Fighting
 - Level 2.6 Dodging
 + Level 5.0 Unarmed Combat


You had 2 spell levels left.
You didn't know any spells.
Your spell library contained the following spells:

 Spells                   Type           Power      Damage    Failure   Level
 Slow                     Hex            0%         N/A       38%         1
 Confusing Touch          Hex            0%         N/A       77%         3
 Sigil of Binding         Hex            0%         N/A       77%         3
 Vampiric Draining        Necr           0%         2d6       77%         3


Dungeon Overview and Level Annotations

Branches:
Dungeon (2/15)

Altars:


Innate Abilities, Weirdness & Mutations

You are immune to poison.
You have sharp fingernails.
Your flesh is cold resistant. (rC+)
You are immune to negative energy. (rN+++)
You do not regenerate when monsters are visible.
You are immune to unholy pain and torment.
You thrive by killing the living.


Message History

The shaft crumbles and collapses.
You open the door. 3 gnolls come into view.
The gnoll shouts! x2
There are monsters nearby!
The gnoll hits you from afar with a +0 halberd!
There is an open door here.
You are too injured to fight recklessly!
You are too injured to fight recklessly!
You are too injured to fight recklessly!
You are too injured to fight recklessly!
You are too injured to fight recklessly!
You are too injured to fight recklessly!
You are too injured to fight recklessly!
You are too injured to fight recklessly!
You are too injured to fight recklessly!
You are too injured to fight recklessly!
You are too injured to fight recklessly!
You are too injured to fight recklessly!
You scratch the gnoll.
The gnoll is moderately wounded.
The gnoll hits you from afar with a +0 spear.
You claw the gnoll!
You kill the gnoll!
The gnoll barely misses you.
Your Unarmed Combat skill increases to level 5!
The gnoll barely misses you. x2
There is an open door here.
You see here a +0 whip.
You scratch the gnoll.
The gnoll is heavily wounded.
The gnoll closely misses you. The gnoll misses you.
You barely miss the gnoll.
The gnoll is heavily wounded.
The gnoll hits you with a +0 spear. The gnoll hits you with a +0 halberd.
* * * LOW HITPOINT WARNING * * *
You scratch the gnoll.
The gnoll is severely wounded.
The gnoll hits you with a +0 spear!
You die...

######
#....+
#.#### #@#
#..gg.....#
#.........#
#.........#
#.!.......+
#.........#
#)........#
#.#########


You could see 2 gnolls.

Vanquished Creatures
  2 gnolls
  An adder (D:2)
  An endoplasm (D:1)
  A goblin (D:1)
  A hobgoblin (D:2)
  3 jackals (D:2)
  A kobold (D:1)
  A quokka (D:1)
  5 rats
16 creatures vanquished.

Notes
Turn   | Place    | Note
-------+----------+-------------------------------------------
     0 | D:1      | stipulation the Ghoul Monk began the quest for the Orb.
     0 | D:1      | Reached XP level 1. HP: 19/19 MP: 1/1
   445 | D:1      | Found a faded altar of an unknown god.
   476 | D:1      | Reached skill level 4 in Unarmed Combat
   476 | D:1      | Reached XP level 2. HP: 14/26 MP: 2/2
   925 | D:2      | Reached XP level 3. HP: 31/31 MP: 3/3
   954 | D:2      | You fall into a shaft and drop 1 floor!
   962 | D:3      | Reached skill level 5 in Unarmed Combat
   965 | D:3      | Slain by a gnoll

Illustrated notes

Levels and vault maps discovered:
D:1:      dpeg_arrival_three_bigger_balls, layout_basic,
          shapermc_ecumenical_altar_starsandcircs, due_unseen_surprise
D:2:      layout_rooms, grunt_decor_cap, uniq_crazy_yiuf_cottage
D:3:      layout_basic, xom_teletrap_fun, nicolae_hepliaklqana_hippocampus,
          serial_shops, nicolae_shop_mannequins, corexii_leaking_fountain,
          minmay_unequal

Skill      XL: |  1  2  3 |
---------------+----------+-----
Unarmed Combat | 4 5 |  5.0
Fighting       | |  3.2
Dodging        | |  2.6

Action                     || total
---------------------------++-------
  Melee: Unarmed           ||    40
 Armour: Robe              ||    20
  Dodge: Dodged            ||    24
